 Dungeon Crawl Stone Soup version 0.32-a0-120-gfac0567ad4 (webtiles) character file.

Game seed: 16535279628364690088

98 cforsyth the Magician (level 5, -5/40 HPs)
             Began as a Djinni Warper on Feb 7, 2024.
             Slain by an orc priest
             ... wielding a +0 hand axe
              (6 damage)
             ... on level 2 of the Dungeon.
             The game lasted 00:02:59 (2158 turns).

cforsyth the Magician (Djinni Warper)               Turns: 2158, Time: 00:03:00

Health: -5/40      AC:  3    Str: 10    XL:     5   Next: 0%
Gold:   137        EV: 11    Int: 17    God:
                   SH:  0    Dex: 12

rFire   + + .        a - +0 falchion
rCold   x . .        (no shield)
rNeg    . . .        b - +0 leather armour
rPois   ∞            (no helmet)
rElec   .            (no cloak)
rCorr   .            (no gloves)
SInv    .            (boots unavailable)
Will    .....        (no amulet)
Stlth   +            (no ring)
HPRegen 0.26/turn    (no ring)
MPRegen 0.00/turn

%: infuse magic (-6 HP)
@: flying
A: sickness immunity, fire resistance 2, cold vulnerability 1, float, innate
caster, HP casting, extra vitality 1
a: no special abilities


You were on level 2 of the Dungeon.
You visited 1 branch of the dungeon, and saw 3 of its levels.

You collected 137 gold pieces.


Innate Abilities, Weirdness & Mutations

You are immune to sickness and miasma.
You are immune to poison.
Your flesh is very heat resistant. (rF++)
You are vulnerable to cold. (rC-)
You float through the air rather than walking.
You learn spells naturally, not from books.
Your magical power is your life essence.
You have superior vitality. (+4 MHP)


   Skills:
 + Level 3.6 Fighting
 - Level 1.7 Long Blades
 - Level 0.7 Throwing
 - Level 1.0 Armour
 - Level 2.1 Dodging
 + Level 3.7 Spellcasting
 + Level 3.7 Conjurations
 + Level 3.7 Hexes
 + Level 3.7 Summonings
 + Level 3.7 Necromancy
 + Level 3.7 Translocations
 + Level 3.7 Fire Magic
 + Level 3.7 Ice Magic
 + Level 3.7 Air Magic
 + Level 3.7 Earth Magic
 + Level 3.7 Alchemy


You knew the following spells:

 Your Spells              Type           Power      Damage    Failure   Level
e - Ensorcelled Hibernat  Hex/Ice        30%        N/A       8%          2
l - Lesser Beckoning      Tloc           30%        N/A       8%          2
m - Manifold Assault      Tloc           15%        N/A       43%         4
t - Teleport Other        Tloc           15%        N/A       14%         3
z - Shock                 Conj/Air       60%        1d6       4%          1
B - Blink                 Tloc           30%        N/A       8%          2
X - Vhi's Electric Charg  Tloc/Air       30%        N/A       43%         4
Your spell library was empty.

Inventory:

Hand Weapons
 a - a +0 falchion (weapon)
Missiles
 d - 7 darts of dispersal {=f=f}
 r - 4 poisoned darts
Armour
 b - a +0 leather armour (worn)
Jewellery
 j - an amulet of reflection
Scrolls
 c - a scroll of blinking
 f - a scroll of enchant weapon {unknown}
 g - 4 scrolls of identify {unknown}
 s - a scroll of teleportation {unknown}
 t - a scroll of poison {unknown}
Potions
 e - a potion of enlightenment {unknown}
 h - a potion of magic {unknown}
 i - a potion of resistance {unknown}
 k - 2 potions of curing {unknown}
 l - 2 potions of might {unknown}
 m - a potion of attraction {unknown}
 n - a potion of berserk rage {unknown}
 o - a potion of brilliance {unknown}
 p - a potion of ambrosia {unknown}
 q - a potion of haste {unknown}

Dungeon Overview and Level Annotations

Branches:
Dungeon (3/15)

Altars:

#.......# #########
#.......# #.......#
#.......# #.#####.#
#.......# #.# #.# #.......#
#.# #<# ########.(.....#
#.#####.#
#..............#####.#.....#
#..............og.>†.#.#####
#.............@#######.#
#.........####..# #.#
#......(..# #..# #.#
#.........# #..# #.#
#.........# #..# #.#
#.........# #..# #.#
#.........# #..# #.#
##.........# #..# #.#
#...######## #..######.#


You could see an orc priest and a gnoll.


Message History

Press: ? - help, Shift-Dir - straight line, f/p - orc priest
Aim: an orc priest, wielding a +0 hand axe and wearing a +0 ring mail (chance to affect: 49%)
The orc priest looks drowsy...
The helpless orc priest fails to defend itself.
You hit the orc priest.
The orc priest is lightly wounded.
The orc priest misses you.
You barely miss the orc priest.
The orc priest is lightly wounded.
You feel ready to blink again.
The orc priest hits you with a +0 hand axe. x2
You hit the orc priest but do no damage.
The orc priest is lightly wounded.
The orc priest mumbles some strange prayers to Beogh against you.
Beogh smites you!
* * * LOW HITPOINT WARNING * * *
You hit the orc priest.
The orc priest is heavily wounded.
The orc priest hits you with a +0 hand axe.
* * * LOW HITPOINT WARNING * * *
You hit the orc priest. You punch the orc priest.
The orc priest is severely wounded.
The orc priest barely misses you.
You hit the orc priest.
The orc priest is almost dead.
The orc priest calls down the wrath of Beogh upon you.
Pain shoots through your body!
* * * LOW HITPOINT WARNING * * *
The orc priest hits you with a +0 hand axe.
You die...

Skill      XL: |  1  2  3 |
---------------+----------+-----
Spellcasting   | 3 |  3.7
Conjurations   | 3 |  3.7
Hexes          | 3 |  3.7
Summonings     | 3 |  3.7
Necromancy     | 3 |  3.7
Translocations | 3 |  3.7
Fire Magic     | 3 |  3.7
Ice Magic      | 3 |  3.7
Air Magic      | 3 |  3.7
Earth Magic    | 3 |  3.7
Alchemy        | 3 |  3.7
Fighting       | 3 |  3.6
Long Blades    | |  1.7
Throwing       | |  0.7
Armour         | |  1.0
Dodging        | |  2.1

Action                     |  1- 3 |  4- 6 || total
---------------------------+-------+-------++-------
  Melee: Falchion          |   113 |    29 ||   142
         Punch             |     1 |     1 ||     2
   Cast: Shock             |    17 |    17 ||    34
         Blink             |       |     2 ||     2
         Ensorcelled Hiber |       |     3 ||     3
   Stab: Sleeping          |       |     1 ||     1
 Armour: Leather armour    |    83 |    28 ||   111
  Dodge: Dodged            |    75 |    32 ||   107

Levels and vault maps discovered:
D:1:      dpeg_arrival_pits, layout_rooms
D:2:      layout_basic, shapermc_ecumenical_altar_flowoftime
D:3:      layout_basic

Notes
Turn   | Place    | Note
-------+----------+-------------------------------------------
     0 | D:1      | cforsyth the Djinni Warper began the quest for the Orb.
     0 | D:1      | cforsyth set off with the following spells memorised:
                  | Blink, Lesser Beckoning, Teleport Other, Manifold Assault,
                  | Vhi's Electric Charge.
     0 | D:1      | Reached XP level 1. HP: 18/18 MP: 0/0
    52 | D:1      | Reached skill level 3 in Spellcasting
    52 | D:1      | Reached skill level 3 in Conjurations
    52 | D:1      | Reached skill level 3 in Hexes
    52 | D:1      | Reached skill level 3 in Summonings
    52 | D:1      | Reached skill level 3 in Necromancy
    52 | D:1      | Reached skill level 3 in Translocations
    52 | D:1      | Reached skill level 3 in Fire Magic
    52 | D:1      | Reached skill level 3 in Ice Magic
    52 | D:1      | Reached skill level 3 in Air Magic
    52 | D:1      | Reached skill level 3 in Earth Magic
    52 | D:1      | Reached skill level 3 in Alchemy
    97 | D:1      | HP: 1/18 [kobold/+0 club (4)]
   101 | D:1      | Reached XP level 2. HP: 2/23 MP: 0/0
   368 | D:1      | Reached XP level 3. HP: 28/29 MP: 0/0
   368 | D:1      | Learned a level 1 spell: Shock
   817 | D:2      | Reached skill level 3 in Fighting
   977 | D:2      | Found a faded altar of an unknown god.
  1312 | D:2      | Reached XP level 4. HP: 31/35 MP: 0/0
  2044 | D:2      | Reached XP level 5. HP: 13/40 MP: 0/0
  2044 | D:2      | Learned a level 2 spell: Ensorcelled Hibernation
  2156 | D:2      | HP: 4/40 [orc priest/+0 hand axe (6)]
  2158 | D:2      | HP: 1/40 [orc priest/nerve-wracking pain (4)]
  2158 | D:2      | Slain by an orc priest

Vanquished Creatures
  An orc wizard (D:3)
  An adder (D:3)
  A white imp (D:3)
  2 dart slugs (D:1)
  A ribbon worm (D:2)
  An orc (D:3)
  5 bats
  4 endoplasms
  2 giant cockroaches
  3 goblins (D:1)
  3 hobgoblins
  2 jackals (D:1)
  5 quokkas
  7 ball pythons
  A frilled lizard (D:2)
  7 kobolds
  4 rats
50 creatures vanquished.

Table legend: (Time is in decaauts)
 A = Elapsed time spent in this place.
 B = Non-inter-level travel time spent in this place.
 C = Inter-level travel time spent in this place.
 D = Time resting spent in this place.
 E = Time spent auto-exploring this place.
 F = Levels seen in this place.
 G = Mean time per level.
                   A        B        C        D        E       F      G
               +--------+--------+--------+--------+--------+-----+--------+
         Total |   2189 |   2041 |    148 |    135 |   1465 |   3 |  729.7 |
       Dungeon |   2189 |   2041 |    148 |    135 |   1465 |   3 |  729.7 |
               +--------+--------+--------+--------+--------+-----+--------+

Top non-repeatable levels by time:
     D:2: 1126 daAuts
     D:1: 762 daAuts
     D:3: 300 daAuts

Table legend:
 A = Non-vault XP
 B = Vault XP
 C = Vault XP percentage of total XP
 D = Non-vault monster count
 E = Vault monster count
 F = Vault count percentage of total count
                 A         B        C        D         E       F
            +---------+---------+-------+---------+---------+-------
      Total |     140 |       0 |   0.0 |      50 |       0 |   0.0
            +---------+---------+-------+---------+---------+-------
        D:1 |      46 |       0 |   0.0 |      25 |       0 |   0.0
        D:2 |      27 |       0 |   0.0 |      16 |       0 |   0.0
        D:3 |      67 |       0 |   0.0 |       9 |       0 |   0.0
            +---------+---------+-------+---------+---------+-------
